ARIZONA vs SAN JOSE

Created - January-29-21 at 11:24

Goals
1 2 3 T
ARIZONA 0 1 1 2
SAN JOSE 0 2 1 3
Shots
1 2 3 T
ARIZONA 11 12 11 34
SAN JOSE 2 8 12 22

1st period

No Goal

Penalties :
MacKenzie Weegar (SJ ) for Slashing (Minor) at 11:42, Ryan Carpenter (SJ ) for Tripping (Minor) at 16:59, Justin Faulk (ARI) for Roughing (Minor) at 19:52

2nd period

1. SAN JOSE , Chris Kreider 7 (Ryan Pulock 17, David Savard 4) at 0:20 (PP)
2. SAN JOSE , Rickard Rakell 2 (Jakob Silfverberg 4, Paul Stastny 3) at 0:57
3. ARIZONA , Jean-Gabriel Pageau 5 (Justin Faulk 7) at 14:22

Penalties :
Ryan Carpenter (SJ ) for Hooking (Minor) at 3:55, Jake Allen (SJ ) for Slashing (Minor) at 5:46 - David Savard served the penalty., David Savard (SJ ) for Roughing (Double Minor) at 8:41, Kevin Hayes (SJ ) for Slashing (Minor) at 18:01

3rd period

4. SAN JOSE , Ryan Pulock 3 (Dustin Brown 6, David Savard 5) at 3:14 (PP)
5. ARIZONA , Gabriel Landeskog 5 (Jay Bouwmeester 4, Bryan Little 1) at 13:22

Penalties :
Evgeni Malkin (ARI) for Hooking (Minor) at 2:40, Jean-Gabriel Pageau (ARI) for Holding (Minor) at 19:20

Goalie Stats

Corey Crawford (ARI), 19 saves from 22 shots - (0.864), L, 6-3-1, 60:00 minutes
Jake Allen (SJ ), 32 saves from 34 shots - (0.941), W, 6-8-1, 60:00 minutes

Players Stats for ARIZONA

Player Name              G  A  P  +/- PIM S  H  SB GA TA FO     MP     PP MP  PK MP  
------------------------------------------------------------------------------------
Adrian Kempe             0  0  0  -1  0   2  2  0  0  0  1/2    19:16   6:27   0:00 
Brad Richardson          0  0  0   0  0   2  0  0  0  0  1/1     6:07   0:00   0:39 
Bryan Little             0  1  1   1  0   2  1  0  0  0  1/1    21:47   6:33   0:00 
Conor Sheary             0  0  0  -1  0   1  0  0  0  0  1/1    13:02   0:13   0:00 
Evgeni Malkin            0  0  0   1  2   5  0  0  0  0  14/29  21:46   6:33   0:00 
Gabriel Landeskog        1  0  1   1  0   1  2  0  0  0  1/2    23:22   7:06   1:02 
Henri Jokiharju          0  0  0   1  0   3  0  2  0  0  0/0    20:00   6:20   0:30 
Jacob Larsson            0  0  0   0  0   0  0  1  0  0  0/0    14:41   0:13   0:09 
Jay Bouwmeester          0  1  1   1  0   1  3  0  0  0  0/0    15:28   0:46   1:32 
Jean-Gabriel Pageau      1  0  1   1  2   2  2  0  0  0  9/15   12:49   0:46   1:02 
Joel Eriksson Ek         0  0  0   1  0   1  0  1  0  0  1/1    11:27   0:00   0:00 
Justin Faulk             0  1  1   0  2   2  1  2  0  0  0/0    24:54   6:40   1:11 
Mario Ferraro            0  0  0   0  0   1  2  0  0  0  0/0    20:39   6:20   0:00 
Mikael Backlund          0  0  0  -1  0   3  1  1  0  0  11/22  19:16   6:27   0:00 
Nicolas Aube-Kubel       0  0  0   0  0   1  0  0  0  0  1/1     5:28   0:00   0:00 
Riley Sheahan            0  0  0   0  0   1  0  0  0  0  3/6     6:31   0:46   0:39 
Thomas Chabot            0  0  0   0  0   5  2  2  0  0  0/0    24:17   7:13   0:00 
Zack Kassian             0  0  0   1  0   1  3  0  0  0  0/1    17:26   6:27   0:00 

Players Stats for SAN JOSE

Player Name              G  A  P  +/- PIM S  H  SB GA TA FO     MP     PP MP  PK MP  
------------------------------------------------------------------------------------
Brian Boyle              0  0  0   0  0   1  0  0  0  0  0/0    14:29   0:00   2:00 
Chris Kreider            1  0  1  -1  0   4  3  0  0  0  5/14   22:20   1:13   7:23 
Cody Ceci                0  0  0   0  0   0  0  2  0  0  0/0    21:54   0:25   5:45 
Corey Perry              0  0  0   0  0   1  0  0  0  0  0/0     4:02   0:00   0:00 
Danny DeKeyser           0  0  0   0  0   0  4  2  0  0  0/0    21:27   0:25   5:18 
David Savard             0  2  2   0  4   1  4  3  0  0  0/0    21:56   1:16   4:47 
Dustin Brown             0  1  1  -1  0   3  0  0  0  0  2/6    20:12   1:13   5:15 
Jakob Silfverberg        0  1  1   0  0   3  1  0  0  0  0/0    19:06   0:28   4:20 
Jesper Fast              0  0  0   0  0   0  1  0  0  0  1/1    12:29   0:00   0:00 
Jon Merrill              0  0  0  -1  0   0  0  4  0  0  0/0    15:32   0:00   2:37 
Jordan Weal              0  0  0   0  0   0  0  0  0  0  3/6     4:02   0:00   0:00 
Kevin Hayes              0  0  0  -1  2   3  0  0  0  0  13/27  21:08   1:13   6:12 
MacKenzie Weegar         0  0  0  -1  2   0  0  1  0  0  0/0    14:12   0:00   1:18 
Paul Stastny             0  1  1   0  0   0  0  0  0  0  10/14  15:06   0:28   0:20 
Rickard Rakell           1  0  1   0  0   2  0  0  0  0  0/2    14:46   0:28   0:00 
Ryan Carpenter           0  0  0   0  4   0  1  0  0  0  0/0     4:00   0:00   0:00 
Ryan Dzingel             0  0  0   0  0   2  0  0  0  0  4/12   14:23   0:00   1:54 
Ryan Pulock              1  1  2   0  0   2  2  2  0  0  0/0    24:57   1:16   7:47 

3 Stars

1 - Ryan Pulock (SJ )
2 - Jake Allen (SJ )
3 - Gabriel Landeskog (ARI)

Power Play

ARIZONA - 0 on 7 Attempt(s) - 0.00%
SAN JOSE - 2 on 3 Attempt(s) - 66.67%

Penalty Kill

ARIZONA - 1 on 3 Attempt(s) - 33.33% - Score 0 goal in Penalty Kill
SAN JOSE - 7 on 7 Attempt(s) - 100.00% - Score 0 goal in Penalty Kill

Team Stat

ARIZONA - Hits : 19 - Faceoff Wins : 44 - Blocked Shots : 9 - Penalty Minutes : 6
SAN JOSE - Hits : 16 - Faceoff Wins : 38 - Blocked Shots : 14 - Penalty Minutes : 14

Official

Referees : Chris Rooney and Chris Lee
Linesman : Brad Kovachik and Justin Cornell

Game Notes

No Game Note

Finance

Level 1 -- Attendance: 4393 (73.22%) -- Ticket Income $439,300
Level 2 -- Attendance: 3891 (77.82%) -- Ticket Income $233,460
Level 3 -- Attendance: 1860 (93.00%) -- Ticket Income $65,100
Level 4 -- Attendance: 4000 (100.00%) -- Ticket Income $80,000
Luxury Box -- Attendance: 718 (71.80%) -- Ticket Income $143,600
Game was played at the SAP Center.
Total Attendance: 14862 (82.57%)
Total Ticket Income: $961,460
Total Income: $961,460

ARIZONA

5 vs 5 Forward 
   Center                   Left Wing                Right Wing               Time % Phy DF OF 
 1 Evgeni Malkin            Bryan Little             Gabriel Landeskog        40     1   1  3  
 2 Mikael Backlund          Conor Sheary             Adrian Kempe             30     1   2  2  
 3 Jean-Gabriel Pageau      Joel Eriksson Ek         Zack Kassian             25     1   3  1  
 4 Riley Sheahan            Brad Richardson          Nicolas Aube-Kubel       5      1   4  0  

5 vs 5 Defense 
   Defense                  Defense                                           Time % Phy DF OF 
 1 Justin Faulk             Thomas Chabot                                     35     1   2  2  
 2 Jay Bouwmeester          Henri Jokiharju                                   30     1   2  2  
 3 Jacob Larsson            Mario Ferraro                                     25     1   2  2  
 4 Justin Faulk             Thomas Chabot                                     10     1   2  2  

PowerPlay Forward 
   Center                   Left Wing                Right Wing               Time % Phy DF OF 
 1 Evgeni Malkin            Bryan Little             Gabriel Landeskog        60     1   0  4  
 2 Mikael Backlund          Adrian Kempe             Zack Kassian             40     1   2  2  

PowerPlay Defense
   Defense                  Defense                                           Time % Phy DF OF 
 1 Justin Faulk             Thomas Chabot                                     60     1   1  3  
 2 Mario Ferraro            Henri Jokiharju                                   40     1   2  2  

Penalty Kill 4 Players Forward 
   Center                   Wing                     Time % Phy DF OF 
 1 Jean-Gabriel Pageau      Gabriel Landeskog        60     1   4  0  
 2 Mikael Backlund          Joel Eriksson Ek         40     1   3  1  

Penalty Kill 4 Players Defense
   Defense                  Defense                  Time % Phy DF OF 
 1 Justin Faulk             Jay Bouwmeester          60     1   3  1  
 2 Jacob Larsson            Henri Jokiharju          40     1   4  0  

Penalty Kill - 3 Players Forward 
   Forward                                           Time % Phy DF OF 
 1 Jean-Gabriel Pageau                               60     1   4  0  
 2 Riley Sheahan                                     40     1   4  0  

Penalty Kill - 3 Players Defense
   Defense                  Defense                  Time % Phy DF OF 
 1 Jay Bouwmeester          Thomas Chabot            60     1   4  0  
 2 Jacob Larsson            Henri Jokiharju          40     1   4  0  

4 vs 4 Forward 
   Center                   Wing                     Time % Phy DF OF 
 1 Evgeni Malkin            Gabriel Landeskog        60     1   1  3  
 2 Mikael Backlund          Conor Sheary             40     1   2  2  

4 vs 4 Defense
   Defense                  Defense                  Time % Phy DF OF 
 1 Justin Faulk             Henri Jokiharju          60     1   2  2  
 2 Jay Bouwmeester          Thomas Chabot            40     1   2  2  

Last Minutes Offensive
   Center                   Left Wing                Right Wing               Defense                  Defense                  
   Evgeni Malkin            Bryan Little             Gabriel Landeskog        Justin Faulk             Thomas Chabot            

Last Minutes Defensive
   Center                   Left Wing                Right Wing               Defense                  Defense                  
   Evgeni Malkin            Gabriel Landeskog        Conor Sheary             Justin Faulk             Jay Bouwmeester          

Goaltenders
Starting : Corey Crawford           
Backup : Alexandar Georgiev       

Extra Forwards
Normal : Jean-Gabriel Pageau, Riley Sheahan, Joel Eriksson Ek - PP : Jean-Gabriel Pageau, Riley Sheahan - PK : Riley Sheahan
Extra Defensemen
Normal : Henri Jokiharju, Mario Ferraro, Thomas Chabot - PP : Henri Jokiharju - PK : Henri Jokiharju, Jacob Larsson
Penalty Shots
Gabriel Landeskog, Evgeni Malkin, Mikael Backlund, Bryan Little, Jean-Gabriel Pageau

Scratches
Nick Shore (Healthy), ARI Cap Hit (Suspend), Oliver Kylington (Healthy)

SAN JOSE

5 vs 5 Forward 
   Center                   Left Wing                Right Wing               Time % Phy DF OF 
 1 Kevin Hayes              Chris Kreider            Dustin Brown             35     1   2  2  
 2 Paul Stastny             Rickard Rakell           Jakob Silfverberg        30     1   2  2  
 3 Ryan Dzingel             Brian Boyle              Jesper Fast              25     1   2  2  
 4 Jordan Weal              Ryan Carpenter           Corey Perry              10     1   2  2  

5 vs 5 Defense 
   Defense                  Defense                                           Time % Phy DF OF 
 1 Ryan Pulock              David Savard                                      35     1   2  2  
 2 Cody Ceci                Danny DeKeyser                                    30     1   2  2  
 3 MacKenzie Weegar         Jon Merrill                                       25     1   2  2  
 4 Ryan Pulock              David Savard                                      10     1   2  2  

PowerPlay Forward 
   Center                   Left Wing                Right Wing               Time % Phy DF OF 
 1 Kevin Hayes              Chris Kreider            Dustin Brown             60     1   2  2  
 2 Paul Stastny             Rickard Rakell           Jakob Silfverberg        40     1   2  2  

PowerPlay Defense
   Defense                  Defense                                           Time % Phy DF OF 
 1 Ryan Pulock              David Savard                                      60     1   2  2  
 2 Cody Ceci                Danny DeKeyser                                    40     1   2  2  

Penalty Kill 4 Players Forward 
   Center                   Wing                     Time % Phy DF OF 
 1 Chris Kreider            Kevin Hayes              60     1   2  2  
 2 Dustin Brown             Jakob Silfverberg        40     1   2  2  

Penalty Kill 4 Players Defense
   Defense                  Defense                  Time % Phy DF OF 
 1 Ryan Pulock              David Savard             60     1   2  2  
 2 Cody Ceci                Danny DeKeyser           40     1   2  2  

Penalty Kill - 3 Players Forward 
   Forward                                           Time % Phy DF OF 
 1 Chris Kreider                                     60     1   2  2  
 2 Kevin Hayes                                       40     1   2  2  

Penalty Kill - 3 Players Defense
   Defense                  Defense                  Time % Phy DF OF 
 1 Ryan Pulock              David Savard             60     1   2  2  
 2 Cody Ceci                Danny DeKeyser           40     1   2  2  

4 vs 4 Forward 
   Center                   Wing                     Time % Phy DF OF 
 1 Chris Kreider            Kevin Hayes              60     1   2  2  
 2 Dustin Brown             Jakob Silfverberg        40     1   2  2  

4 vs 4 Defense
   Defense                  Defense                  Time % Phy DF OF 
 1 Ryan Pulock              David Savard             60     1   2  2  
 2 Cody Ceci                Danny DeKeyser           40     1   2  2  

Last Minutes Offensive
   Center                   Left Wing                Right Wing               Defense                  Defense                  
   Kevin Hayes              Chris Kreider            Dustin Brown             Ryan Pulock              David Savard             

Last Minutes Defensive
   Center                   Left Wing                Right Wing               Defense                  Defense                  
   Kevin Hayes              Chris Kreider            Dustin Brown             Ryan Pulock              David Savard             

Goaltenders
Starting : Jake Allen               
Backup : Edward Pasquale          

Extra Forwards
Normal : Jesper Fast, Brian Boyle, Ryan Dzingel - PP : Jesper Fast, Brian Boyle - PK : Ryan Dzingel
Extra Defensemen
Normal : MacKenzie Weegar, Jon Merrill, Cody Ceci - PP : MacKenzie Weegar - PK : Jon Merrill, Cody Ceci
Penalty Shots
Chris Kreider, Kevin Hayes, Dustin Brown, Jakob Silfverberg, Rickard Rakell

Scratches
Braydon Coburn (Healthy), SJ Cap Hit (Suspend), Stefan Noesen (Healthy), Kyle Clifford (Healthy)

% Time on Ice - ARIZONA

Lines # - Real PCT - Wanted PCT - Time Play
Normal Forward
1 - 34% - 40% - 15:14
2 - 29% - 30% - 12:49
3 - 25% - 25% - 10:59
4 - 12% - 5% - 5:28
Normal Defense
1 - 35% - 35% - 15:38
2 - 30% - 30% - 13:10
3 - 32% - 25% - 14:19
4 - 3% - 10% - 1:23
PP Forward
1 - 53% - 60% - 7:19
2 - 47% - 40% - 6:27
PP Defense
1 - 54% - 60% - 7:26
2 - 46% - 40% - 6:20
PK Forward
1 - 100% - 60% - 1:41
2 - 0% - 40% - 0:00
PK Defense
1 - 91% - 60% - 1:32
2 - 9% - 40% - 0:09
PK3 Forward
1 - 0% - 60%
2 - 0% - 40%
PK3 Defense
1 - 0% - 60%
2 - 0% - 40%
44 Forward
1 - 0% - 60%
2 - 0% - 40%
44 Defense
1 - 0% - 60%
2 - 0% - 40%
Last Minute Offensive  - 0:03
Last Minute Defensive  - 0:00
Total
Forward - 60:00
Defense - 60:00

% Time on Ice - SAN JOSE

Lines # - Real PCT - Wanted PCT - Time Play
Normal Forward
1 - 31% - 35% - 13:44
2 - 32% - 30% - 14:18
3 - 28% - 25% - 12:29
4 - 9% - 10% - 4:02
Normal Defense
1 - 32% - 35% - 14:24
2 - 35% - 30% - 15:44
3 - 29% - 25% - 12:55
4 - 3% - 10% - 1:30
PP Forward
1 - 72% - 60% - 1:13
2 - 28% - 40% - 0:28
PP Defense
1 - 75% - 60% - 1:16
2 - 25% - 40% - 0:25
PK Forward
1 - 68% - 60% - 9:18
2 - 32% - 40% - 4:20
PK Defense
1 - 62% - 60% - 8:28
2 - 38% - 40% - 5:10
PK3 Forward
1 - 100% - 60% - 0:08
2 - 0% - 40% - 0:00
PK3 Defense
1 - 0% - 60% - 0:00
2 - 100% - 40% - 0:08
44 Forward
1 - 0% - 60%
2 - 0% - 40%
44 Defense
1 - 0% - 60%
2 - 0% - 40%
Last Minute Offensive  - 0:00
Last Minute Defensive  - 0:00
Total
Forward - 60:00
Defense - 60:00

Play-by-Play

1st period


0:01 of 1st period - Evgeni Malkin wins face-off versus Kevin Hayes in neutral zone.
0:23 of 1st period - Shot by Evgeni Malkin.
0:23 of 1st period - Stopped by Jake Allen without a rebound.
0:24 of 1st period - Paul Stastny wins face-off versus Mikael Backlund in SAN JOSE zone.
0:50 of 1st period - Off-side.
0:51 of 1st period - Jean-Gabriel Pageau wins face-off versus Ryan Dzingel in neutral zone.
1:29 of 1st period - Shot by Jean-Gabriel Pageau.
1:29 of 1st period - Shot Misses the Net.
1:44 of 1st period - Jesper Fast is hit by Gabriel Landeskog and loses puck.
2:22 of 1st period - Icing by MacKenzie Weegar.
2:23 of 1st period - Conor Sheary wins face-off versus Ryan Dzingel in SAN JOSE zone.
2:44 of 1st period - Shot by Henri Jokiharju.
2:44 of 1st period - Shot Misses the Net.
2:46 of 1st period - Shot by Henri Jokiharju.
2:46 of 1st period - Stopped by Jake Allen without a rebound.
2:47 of 1st period - Brad Richardson wins face-off versus Dustin Brown in SAN JOSE zone.
2:47 of 1st period - Mario Ferraro is hit by David Savard and loses puck.
3:11 of 1st period - Shot by Brad Richardson.
3:11 of 1st period - Stopped by Jake Allen without a rebound.
3:12 of 1st period - Paul Stastny wins face-off versus Evgeni Malkin in SAN JOSE zone.
3:27 of 1st period - Shot by Gabriel Landeskog.
3:27 of 1st period - Shot Misses the Net.
3:47 of 1st period - Shot by Bryan Little.
3:47 of 1st period - Shot Misses the Net.
4:21 of 1st period - Adrian Kempe is hit by Danny DeKeyser and loses puck.
4:26 of 1st period - Shot by Mikael Backlund.
4:26 of 1st period - Shot Blocked by Danny DeKeyser.
4:34 of 1st period - Danny DeKeyser is hit by Adrian Kempe and loses puck.
4:39 of 1st period - Shot by Mikael Backlund.
4:39 of 1st period - Stopped by Jake Allen without a rebound.
4:40 of 1st period - Kevin Hayes wins face-off versus Zack Kassian in SAN JOSE zone.
4:40 of 1st period - Kevin Hayes is hit by Zack Kassian.
4:57 of 1st period - Ryan Pulock is hit by Mario Ferraro and loses puck.
5:28 of 1st period - Icing by David Savard.
5:29 of 1st period - Kevin Hayes wins face-off versus Mikael Backlund in SAN JOSE zone.
5:35 of 1st period - Ryan Pulock is hit by Jay Bouwmeester and loses puck.
5:46 of 1st period - Shot by Jordan Weal.
5:46 of 1st period - Shot Misses the Net.
7:34 of 1st period - Icing by David Savard.
7:35 of 1st period - Jean-Gabriel Pageau wins face-off versus Paul Stastny in SAN JOSE zone.
7:39 of 1st period - Zack Kassian is hit by Ryan Pulock and loses puck.
7:49 of 1st period - Zack Kassian is hit by David Savard and loses puck.
7:57 of 1st period - Joel Eriksson Ek is hit by David Savard and loses puck.
8:28 of 1st period - Shot by Nicolas Aube-Kubel.
8:28 of 1st period - Stopped by Jake Allen without a rebound.
8:29 of 1st period - Mikael Backlund wins face-off versus Kevin Hayes in SAN JOSE zone.
8:30 of 1st period - Shot by Thomas Chabot.
8:30 of 1st period - Shot Misses the Net.
11:11 of 1st period - Chris Kreider is hit by Justin Faulk and loses puck.
11:14 of 1st period - Shot by Ryan Pulock.
11:14 of 1st period - Shot Blocked by Justin Faulk.
11:16 of 1st period - Shot by Ryan Pulock.
11:16 of 1st period - Shot Blocked by Joel Eriksson Ek.
11:23 of 1st period - Icing by Joel Eriksson Ek.
11:24 of 1st period - Jean-Gabriel Pageau wins face-off versus Jordan Weal in ARIZONA zone.
11:42 of 1st period - Minor Penalty to MacKenzie Weegar for Slashing.
11:43 of 1st period - Evgeni Malkin wins face-off versus Chris Kreider in SAN JOSE zone.
11:46 of 1st period - Shot by Gabriel Landeskog.
11:46 of 1st period - Shot Misses the Net.
11:48 of 1st period - Shot by Mario Ferraro.
11:48 of 1st period - Stopped by Jake Allen without a rebound.
11:49 of 1st period - Chris Kreider wins face-off versus Evgeni Malkin in SAN JOSE zone.
12:00 of 1st period - Icing by Evgeni Malkin.
12:01 of 1st period - Evgeni Malkin wins face-off versus Kevin Hayes in ARIZONA zone.
13:22 of 1st period - Shot by Ryan Dzingel.
13:22 of 1st period - Shot Hit the Post.
13:43 of 1st period - Shot by Evgeni Malkin.
13:43 of 1st period - Shot Misses the Net.
14:09 of 1st period - Shot by Jon Merrill.
14:09 of 1st period - Shot Blocked by Henri Jokiharju.
14:11 of 1st period - Shot by Jordan Weal.
14:11 of 1st period - Deflect By Corey Perry.
14:11 of 1st period - Stopped by Corey Crawford without a rebound.
14:12 of 1st period - Paul Stastny wins face-off versus Evgeni Malkin in ARIZONA zone.
14:19 of 1st period - Shot by Rickard Rakell.
14:19 of 1st period - Deflect By Jakob Silfverberg.
14:19 of 1st period - Shot Misses the Net.
14:26 of 1st period - Gabriel Landeskog is hit by Danny DeKeyser and loses puck.
14:31 of 1st period - Shot by Gabriel Landeskog.
14:31 of 1st period - Shot Misses the Net.
14:33 of 1st period - Shot by Bryan Little.
14:33 of 1st period - Shot Blocked by Cody Ceci.
15:13 of 1st period - Shot by Jean-Gabriel Pageau.
15:13 of 1st period - Shot Misses the Net.
15:15 of 1st period - Shot by Jean-Gabriel Pageau.
15:15 of 1st period - Shot Misses the Net.
15:37 of 1st period - Shot by Conor Sheary.
15:37 of 1st period - Shot Misses the Net.
15:39 of 1st period - Shot by Jay Bouwmeester.
15:39 of 1st period - Shot Blocked by Cody Ceci.
15:41 of 1st period - Shot by Mikael Backlund.
15:41 of 1st period - Shot Misses the Net.
15:43 of 1st period - Shot by Conor Sheary.
15:43 of 1st period - Stopped by Jake Allen without a rebound.
15:44 of 1st period - Kevin Hayes wins face-off versus Riley Sheahan in SAN JOSE zone.
16:03 of 1st period - Shot by Brad Richardson.
16:03 of 1st period - Stopped by Jake Allen without a rebound.
16:04 of 1st period - Ryan Dzingel wins face-off versus Evgeni Malkin in SAN JOSE zone.
16:24 of 1st period - Jesper Fast is hit by Gabriel Landeskog.
16:42 of 1st period - Shot by Bryan Little.
16:42 of 1st period - Stopped by Jake Allen without a rebound.
16:43 of 1st period - Kevin Hayes wins face-off versus Mikael Backlund in SAN JOSE zone.
16:43 of 1st period - Kevin Hayes is hit by Mikael Backlund.
16:56 of 1st period - Icing by Conor Sheary.
16:57 of 1st period - Mikael Backlund wins face-off versus Jordan Weal in ARIZONA zone.
16:57 of 1st period - Justin Faulk is hit by Ryan Carpenter and loses puck.
16:59 of 1st period - Minor Penalty to Ryan Carpenter for Tripping.
17:00 of 1st period - Kevin Hayes wins face-off versus Mikael Backlund in SAN JOSE zone.
17:00 of 1st period - Kevin Hayes is hit by Zack Kassian.
17:12 of 1st period - Shot by Thomas Chabot.
17:12 of 1st period - Stopped by Jake Allen without a rebound.
17:13 of 1st period - Evgeni Malkin wins face-off versus Chris Kreider in SAN JOSE zone.
17:38 of 1st period - Shot by Thomas Chabot.
17:38 of 1st period - Shot Blocked by Ryan Pulock.
18:17 of 1st period - Icing by Adrian Kempe.
18:18 of 1st period - Adrian Kempe wins face-off versus Dustin Brown in ARIZONA zone.
18:32 of 1st period - Shot by Adrian Kempe.
18:32 of 1st period - Stopped by Jake Allen without a rebound.
18:33 of 1st period - Mikael Backlund wins face-off versus Chris Kreider in SAN JOSE zone.
19:01 of 1st period - Icing by Zack Kassian.
19:02 of 1st period - Jesper Fast wins face-off versus Riley Sheahan in ARIZONA zone.
19:10 of 1st period - Brian Boyle is hit by Thomas Chabot and loses puck.
19:21 of 1st period - Shot by Ryan Dzingel.
19:21 of 1st period - Deflect By Jesper Fast.
19:21 of 1st period - Shot Misses the Net.
19:26 of 1st period - Icing by Thomas Chabot.
19:27 of 1st period - Riley Sheahan wins face-off versus Kevin Hayes in ARIZONA zone.
19:31 of 1st period - Thomas Chabot is hit by Ryan Pulock and loses puck.
19:52 of 1st period - Shot by Dustin Brown.
19:52 of 1st period - Stopped by Corey Crawford without a rebound.
19:52 of 1st period - Minor Penalty to Justin Faulk for Roughing.
19:53 of 1st period - Jean-Gabriel Pageau wins face-off versus Rickard Rakell in ARIZONA zone.
Goals for this period are 0 for ARIZONA vs 0 for SAN JOSE.
Shots for this period are 11 for ARIZONA vs 2 for SAN JOSE.

2nd period


0:01 of 2nd period - Gabriel Landeskog wins face-off versus Kevin Hayes in neutral zone.
0:20 of 2nd period - Shot by Chris Kreider.
0:20 of 2nd period - Goal by Chris Kreider - ARIZONA : 0 - SAN JOSE : 1.
0:21 of 2nd period - Mikael Backlund wins face-off versus Rickard Rakell in neutral zone.
0:39 of 2nd period - Rickard Rakell is hit by Adrian Kempe and loses puck.
0:55 of 2nd period - Jakob Silfverberg is hit by Thomas Chabot.
0:57 of 2nd period - Shot by Rickard Rakell.
0:57 of 2nd period - Goal by Rickard Rakell - ARIZONA : 0 - SAN JOSE : 2.
0:58 of 2nd period - Kevin Hayes wins face-off versus Evgeni Malkin in neutral zone.
1:11 of 2nd period - Shot by Chris Kreider.
1:11 of 2nd period - Shot Misses the Net.
1:13 of 2nd period - Shot by David Savard.
1:13 of 2nd period - Stopped by Corey Crawford without a rebound.
1:14 of 2nd period - Ryan Dzingel wins face-off versus Jean-Gabriel Pageau in ARIZONA zone.
1:43 of 2nd period - Zack Kassian is hit by Jesper Fast and loses puck.
2:15 of 2nd period - Icing by Joel Eriksson Ek.
2:16 of 2nd period - Jean-Gabriel Pageau wins face-off versus Kevin Hayes in ARIZONA zone.
2:31 of 2nd period - Jean-Gabriel Pageau is hit by Chris Kreider and loses puck.
2:54 of 2nd period - Shot by Chris Kreider.
2:54 of 2nd period - Shot Blocked by Justin Faulk.
2:56 of 2nd period - Shot by Ryan Pulock.
2:56 of 2nd period - Shot Misses the Net.
3:55 of 2nd period - Minor Penalty to Ryan Carpenter for Hooking.
3:56 of 2nd period - Kevin Hayes wins face-off versus Evgeni Malkin in SAN JOSE zone.
4:01 of 2nd period - Justin Faulk is hit by Chris Kreider.
4:08 of 2nd period - Icing by Bryan Little.
4:09 of 2nd period - Evgeni Malkin wins face-off versus Chris Kreider in ARIZONA zone.
4:43 of 2nd period - Zack Kassian is hit by Danny DeKeyser and loses puck.
5:00 of 2nd period - Shot by Henri Jokiharju.
5:00 of 2nd period - Stopped by Jake Allen without a rebound.
5:01 of 2nd period - Evgeni Malkin wins face-off versus Chris Kreider in SAN JOSE zone.
5:18 of 2nd period - Justin Faulk is hit by Chris Kreider and loses puck.
5:28 of 2nd period - Shot by Justin Faulk.
5:28 of 2nd period - Stopped by Jake Allen without a rebound.
5:29 of 2nd period - Mikael Backlund wins face-off versus Dustin Brown in SAN JOSE zone.
5:46 of 2nd period - Shot by Adrian Kempe.
5:46 of 2nd period - Stopped by Jake Allen without a rebound.
5:46 of 2nd period - Minor Penalty to Jake Allen for Slashing.
5:47 of 2nd period - Chris Kreider wins face-off versus Mikael Backlund in SAN JOSE zone.
6:34 of 2nd period - Shot by Henri Jokiharju.
6:34 of 2nd period - Stopped by Jake Allen without a rebound.
6:35 of 2nd period - Evgeni Malkin wins face-off versus Chris Kreider in SAN JOSE zone.
6:36 of 2nd period - Shot by Bryan Little.
6:36 of 2nd period - Stopped by Jake Allen without a rebound.
6:37 of 2nd period - Chris Kreider wins face-off versus Evgeni Malkin in SAN JOSE zone.
7:34 of 2nd period - Shot by Mikael Backlund.
7:34 of 2nd period - Stopped by Jake Allen without a rebound.
7:35 of 2nd period - Dustin Brown wins face-off versus Mikael Backlund in SAN JOSE zone.
7:47 of 2nd period - Icing by Thomas Chabot.
7:48 of 2nd period - Nicolas Aube-Kubel wins face-off versus Ryan Dzingel in ARIZONA zone.
8:03 of 2nd period - Shot by Ryan Dzingel.
8:03 of 2nd period - Stopped by Corey Crawford with a rebound.
8:21 of 2nd period - Shot by Brian Boyle.
8:21 of 2nd period - Stopped by Corey Crawford without a rebound.
8:22 of 2nd period - Paul Stastny wins face-off versus Mikael Backlund in ARIZONA zone.
8:32 of 2nd period - Shot by Conor Sheary.
8:32 of 2nd period - Shot Misses the Net.
8:34 of 2nd period - Shot by Mikael Backlund.
8:34 of 2nd period - Shot Blocked by David Savard.
8:41 of 2nd period - Double Minor Penalty to David Savard for Roughing.
8:42 of 2nd period - Chris Kreider wins face-off versus Evgeni Malkin in SAN JOSE zone.
9:07 of 2nd period - Shot by Evgeni Malkin.
9:07 of 2nd period - Shot Blocked by Ryan Pulock.
10:48 of 2nd period - Jakob Silfverberg is hit by Zack Kassian.
11:15 of 2nd period - Shot by Thomas Chabot.
11:15 of 2nd period - Stopped by Jake Allen with a rebound.
11:17 of 2nd period - Shot by Thomas Chabot.
11:17 of 2nd period - Stopped by Jake Allen without a rebound.
11:18 of 2nd period - Evgeni Malkin wins face-off versus Chris Kreider in SAN JOSE zone.
12:06 of 2nd period - Off-side.
12:07 of 2nd period - Jean-Gabriel Pageau wins face-off versus Dustin Brown in neutral zone.
12:21 of 2nd period - Shot by Jean-Gabriel Pageau.
12:21 of 2nd period - Deflect By Gabriel Landeskog.
12:21 of 2nd period - Shot Blocked by Jon Merrill.
13:05 of 2nd period - Off-side.
13:06 of 2nd period - Jordan Weal wins face-off versus Mikael Backlund in neutral zone.
13:11 of 2nd period - Icing by Mikael Backlund.
13:12 of 2nd period - Paul Stastny wins face-off versus Adrian Kempe in ARIZONA zone.
13:20 of 2nd period - Shot by Paul Stastny.
13:20 of 2nd period - Shot Misses the Net.
13:47 of 2nd period - Shot by Jakob Silfverberg.
13:47 of 2nd period - Stopped by Corey Crawford without a rebound.
13:48 of 2nd period - Jean-Gabriel Pageau wins face-off versus Kevin Hayes in ARIZONA zone.
14:17 of 2nd period - Cody Ceci is hit by Jean-Gabriel Pageau and loses puck.
14:22 of 2nd period - Shot by Jean-Gabriel Pageau.
14:22 of 2nd period - Goal by Jean-Gabriel Pageau - ARIZONA : 1 - SAN JOSE : 2.
14:23 of 2nd period - Evgeni Malkin wins face-off versus Ryan Dzingel in neutral zone.
14:32 of 2nd period - Shot by Ryan Dzingel.
14:32 of 2nd period - Stopped by Corey Crawford without a rebound.
14:33 of 2nd period - Paul Stastny wins face-off versus Gabriel Landeskog in ARIZONA zone.
14:58 of 2nd period - Shot by Evgeni Malkin.
14:58 of 2nd period - Stopped by Jake Allen without a rebound.
14:59 of 2nd period - Kevin Hayes wins face-off versus Mikael Backlund in SAN JOSE zone.
15:20 of 2nd period - Shot by Chris Kreider.
15:20 of 2nd period - Shot Misses the Net.
15:38 of 2nd period - Shot by Kevin Hayes.
15:38 of 2nd period - Stopped by Corey Crawford without a rebound.
15:39 of 2nd period - Evgeni Malkin wins face-off versus Paul Stastny in ARIZONA zone.
15:41 of 2nd period - Icing by Gabriel Landeskog.
15:42 of 2nd period - Paul Stastny wins face-off versus Evgeni Malkin in ARIZONA zone.
15:42 of 2nd period - Paul Stastny is hit by Jay Bouwmeester.
15:47 of 2nd period - Rickard Rakell is hit by Jay Bouwmeester and loses puck.
15:58 of 2nd period - Shot by Jakob Silfverberg.
15:58 of 2nd period - Shot Misses the Net.
17:44 of 2nd period - Shot by Dustin Brown.
17:44 of 2nd period - Shot Blocked by Mikael Backlund.
17:46 of 2nd period - Shot by Kevin Hayes.
17:46 of 2nd period - Shot Misses the Net.
17:48 of 2nd period - Shot by Chris Kreider.
17:48 of 2nd period - Shot Misses the Net.
18:01 of 2nd period - Minor Penalty to Kevin Hayes for Slashing.
18:02 of 2nd period - Evgeni Malkin wins face-off versus Chris Kreider in SAN JOSE zone.
18:46 of 2nd period - Icing by Mario Ferraro.
18:47 of 2nd period - Mikael Backlund wins face-off versus Ryan Dzingel in ARIZONA zone.
19:01 of 2nd period - Shot by Henri Jokiharju.
19:01 of 2nd period - Shot Misses the Net.
19:03 of 2nd period - Shot by Mikael Backlund.
19:03 of 2nd period - Stopped by Jake Allen without a rebound.
19:04 of 2nd period - Chris Kreider wins face-off versus Evgeni Malkin in SAN JOSE zone.
19:19 of 2nd period - Shot by Thomas Chabot.
19:19 of 2nd period - Stopped by Jake Allen without a rebound.
19:20 of 2nd period - Mikael Backlund wins face-off versus Chris Kreider in SAN JOSE zone.
Goals for this period are 1 for ARIZONA vs 2 for SAN JOSE.
Shots for this period are 12 for ARIZONA vs 8 for SAN JOSE.

3rd period


0:01 of 3rd period - Mikael Backlund wins face-off versus Kevin Hayes in neutral zone.
0:03 of 3rd period - Off-side.
0:04 of 3rd period - Kevin Hayes wins face-off versus Evgeni Malkin in neutral zone.
0:07 of 3rd period - Shot by Chris Kreider.
0:07 of 3rd period - Stopped by Corey Crawford without a rebound.
0:08 of 3rd period - Evgeni Malkin wins face-off versus Kevin Hayes in ARIZONA zone.
0:20 of 3rd period - Evgeni Malkin is hit by David Savard and loses puck.
1:13 of 3rd period - Icing by Jay Bouwmeester.
1:14 of 3rd period - Paul Stastny wins face-off versus Mikael Backlund in ARIZONA zone.
1:21 of 3rd period - Shot by Paul Stastny.
1:21 of 3rd period - Shot Misses the Net.
1:37 of 3rd period - Icing by Danny DeKeyser.
1:38 of 3rd period - Joel Eriksson Ek wins face-off versus Paul Stastny in SAN JOSE zone.
1:39 of 3rd period - Shot by Jean-Gabriel Pageau.
1:39 of 3rd period - Stopped by Jake Allen with a rebound.
1:41 of 3rd period - Shot by Joel Eriksson Ek.
1:41 of 3rd period - Stopped by Jake Allen with a rebound.
2:30 of 3rd period - Gabriel Landeskog is hit by Jakob Silfverberg.
2:40 of 3rd period - Minor Penalty to Evgeni Malkin for Hooking.
2:41 of 3rd period - Jean-Gabriel Pageau wins face-off versus Kevin Hayes in ARIZONA zone.
2:52 of 3rd period - Shot by Dustin Brown.
2:52 of 3rd period - Shot Misses the Net.
2:54 of 3rd period - Shot by Chris Kreider.
2:54 of 3rd period - Shot Misses the Net.
2:58 of 3rd period - Shot by Dustin Brown.
2:58 of 3rd period - Stopped by Corey Crawford without a rebound.
2:59 of 3rd period - Kevin Hayes wins face-off versus Jean-Gabriel Pageau in ARIZONA zone.
3:00 of 3rd period - Shot by Ryan Pulock.
3:00 of 3rd period - Stopped by Corey Crawford without a rebound.
3:01 of 3rd period - Kevin Hayes wins face-off versus Jean-Gabriel Pageau in ARIZONA zone.
3:12 of 3rd period - Shot by Dustin Brown.
3:12 of 3rd period - Shot Misses the Net.
3:14 of 3rd period - Shot by Ryan Pulock.
3:14 of 3rd period - Goal by Ryan Pulock - ARIZONA : 1 - SAN JOSE : 3.
3:15 of 3rd period - Ryan Dzingel wins face-off versus Mikael Backlund in neutral zone.
4:32 of 3rd period - Shot by Chris Kreider.
4:32 of 3rd period - Stopped by Corey Crawford without a rebound.
4:33 of 3rd period - Paul Stastny wins face-off versus Evgeni Malkin in ARIZONA zone.
4:56 of 3rd period - Shot by Evgeni Malkin.
4:56 of 3rd period - Shot Misses the Net.
4:58 of 3rd period - Shot by Evgeni Malkin.
4:58 of 3rd period - Shot Misses the Net.
5:06 of 3rd period - Shot by Evgeni Malkin.
5:06 of 3rd period - Stopped by Jake Allen without a rebound.
5:07 of 3rd period - Jordan Weal wins face-off versus Jean-Gabriel Pageau in SAN JOSE zone.
5:07 of 3rd period - Jordan Weal is hit by Jean-Gabriel Pageau.
5:16 of 3rd period - Icing by Jay Bouwmeester.
5:17 of 3rd period - Kevin Hayes wins face-off versus Jean-Gabriel Pageau in ARIZONA zone.
5:20 of 3rd period - Shot by Chris Kreider.
5:20 of 3rd period - Shot Misses the Net.
5:22 of 3rd period - Shot by David Savard.
5:22 of 3rd period - Shot Blocked by Henri Jokiharju.
5:24 of 3rd period - Shot by Dustin Brown.
5:24 of 3rd period - Stopped by Corey Crawford without a rebound.
5:25 of 3rd period - Kevin Hayes wins face-off versus Evgeni Malkin in ARIZONA zone.
5:28 of 3rd period - Shot by Chris Kreider.
5:28 of 3rd period - Stopped by Corey Crawford without a rebound.
5:29 of 3rd period - Dustin Brown wins face-off versus Evgeni Malkin in ARIZONA zone.
5:30 of 3rd period - Shot by Kevin Hayes.
5:30 of 3rd period - Stopped by Corey Crawford with a rebound.
5:34 of 3rd period - Shot by Kevin Hayes.
5:34 of 3rd period - Stopped by Corey Crawford with a rebound.
6:25 of 3rd period - Jon Merrill is hit by Bryan Little and loses puck.
6:44 of 3rd period - Shot by Mikael Backlund.
6:44 of 3rd period - Deflect By Adrian Kempe.
6:44 of 3rd period - Shot Blocked by Jon Merrill.
6:46 of 3rd period - Shot by Jay Bouwmeester.
6:46 of 3rd period - Stopped by Jake Allen with a rebound.
7:00 of 3rd period - Shot by Conor Sheary.
7:00 of 3rd period - Deflect By Mikael Backlund.
7:00 of 3rd period - Shot Blocked by Jon Merrill.
7:56 of 3rd period - Jesper Fast is hit by Mario Ferraro and loses puck.
8:50 of 3rd period - Shot by Thomas Chabot.
8:50 of 3rd period - Stopped by Jake Allen without a rebound.
8:51 of 3rd period - Evgeni Malkin wins face-off versus Jordan Weal in SAN JOSE zone.
10:03 of 3rd period - Shot by Chris Kreider.
10:03 of 3rd period - Shot Misses the Net.
10:05 of 3rd period - Shot by Kevin Hayes.
10:05 of 3rd period - Shot Hit the Post.
11:03 of 3rd period - Shot by Rickard Rakell.
11:03 of 3rd period - Shot Blocked by Thomas Chabot.
11:23 of 3rd period - Shot by Jakob Silfverberg.
11:23 of 3rd period - Stopped by Corey Crawford without a rebound.
11:24 of 3rd period - Jordan Weal wins face-off versus Jean-Gabriel Pageau in ARIZONA zone.
11:47 of 3rd period - Shot by Jacob Larsson.
11:47 of 3rd period - Shot Misses the Net.
12:33 of 3rd period - Icing by Thomas Chabot.
12:34 of 3rd period - Paul Stastny wins face-off versus Riley Sheahan in ARIZONA zone.
12:41 of 3rd period - Shot by Jakob Silfverberg.
12:41 of 3rd period - Stopped by Corey Crawford with a rebound.
13:18 of 3rd period - Shot by Bryan Little.
13:18 of 3rd period - Shot Blocked by Jon Merrill.
13:20 of 3rd period - Shot by Jay Bouwmeester.
13:20 of 3rd period - Shot Misses the Net.
13:22 of 3rd period - Shot by Gabriel Landeskog.
13:22 of 3rd period - Goal by Gabriel Landeskog - ARIZONA : 2 - SAN JOSE : 3.
13:23 of 3rd period - Mikael Backlund wins face-off versus Kevin Hayes in neutral zone.
13:28 of 3rd period - Shot by Adrian Kempe.
13:28 of 3rd period - Shot Blocked by Danny DeKeyser.
13:35 of 3rd period - Mikael Backlund is hit by Danny DeKeyser and loses puck.
13:40 of 3rd period - Shot by Adrian Kempe.
13:40 of 3rd period - Shot Misses the Net.
13:55 of 3rd period - Icing by Jacob Larsson.
13:56 of 3rd period - Mikael Backlund wins face-off versus Ryan Dzingel in ARIZONA zone.
14:03 of 3rd period - Shot by Ryan Pulock.
14:03 of 3rd period - Shot Blocked by Jacob Larsson.
14:51 of 3rd period - Shot by Gabriel Landeskog.
14:51 of 3rd period - Shot Misses the Net.
14:55 of 3rd period - Shot by Evgeni Malkin.
14:55 of 3rd period - Shot Blocked by MacKenzie Weegar.
14:57 of 3rd period - Shot by Evgeni Malkin.
14:57 of 3rd period - Stopped by Jake Allen without a rebound.
14:58 of 3rd period - Jean-Gabriel Pageau wins face-off versus Kevin Hayes in SAN JOSE zone.
15:33 of 3rd period - Shot by Kevin Hayes.
15:33 of 3rd period - Shot Blocked by Thomas Chabot.
16:03 of 3rd period - Shot by Jakob Silfverberg.
16:03 of 3rd period - Shot Misses the Net.
16:05 of 3rd period - Shot by Jakob Silfverberg.
16:05 of 3rd period - Deflect By Rickard Rakell.
16:05 of 3rd period - Stopped by Corey Crawford without a rebound.
16:06 of 3rd period - Bryan Little wins face-off versus Ryan Dzingel in ARIZONA zone.
16:11 of 3rd period - Shot by Evgeni Malkin.
16:11 of 3rd period - Stopped by Jake Allen without a rebound.
16:12 of 3rd period - Ryan Dzingel wins face-off versus Evgeni Malkin in SAN JOSE zone.
16:47 of 3rd period - Shot by Evgeni Malkin.
16:47 of 3rd period - Shot Misses the Net.
16:58 of 3rd period - Icing by David Savard.
16:59 of 3rd period - Mikael Backlund wins face-off versus Ryan Dzingel in SAN JOSE zone.
17:15 of 3rd period - Shot by Conor Sheary.
17:15 of 3rd period - Shot Misses the Net.
17:17 of 3rd period - Shot by Justin Faulk.
17:17 of 3rd period - Stopped by Jake Allen with a rebound.
17:19 of 3rd period - Shot by Mikael Backlund.
17:19 of 3rd period - Shot Blocked by David Savard.
17:21 of 3rd period - Shot by Thomas Chabot.
17:21 of 3rd period - Shot Blocked by David Savard.
17:53 of 3rd period - Shot by Jean-Gabriel Pageau.
17:53 of 3rd period - Shot Misses the Net.
17:55 of 3rd period - Shot by Jean-Gabriel Pageau.
17:55 of 3rd period - Shot Misses the Net.
17:59 of 3rd period - Shot by Zack Kassian.
17:59 of 3rd period - Stopped by Jake Allen without a rebound.
18:00 of 3rd period - Evgeni Malkin wins face-off versus Kevin Hayes in SAN JOSE zone.
18:50 of 3rd period - Shot by Jakob Silfverberg.
18:50 of 3rd period - Shot Misses the Net.
19:20 of 3rd period - Minor Penalty to Jean-Gabriel Pageau for Holding.
19:21 of 3rd period - Riley Sheahan wins face-off versus Kevin Hayes in ARIZONA zone.
19:38 of 3rd period - Shot by Riley Sheahan.
19:38 of 3rd period - Stopped by Jake Allen without a rebound.
19:39 of 3rd period - Riley Sheahan wins face-off versus Paul Stastny in SAN JOSE zone.
Goals for this period are 1 for ARIZONA vs 1 for SAN JOSE.
Shots for this period are 11 for ARIZONA vs 12 for SAN JOSE.